Unix NetHack Version 5.0.0-0 post-release - last build May  4 2026 22:22:43 (774f63e81ad911689b3a0859ea89b322d5daca8d,branch:main).

Game began 2026-05-10 13:40:09, ended 2026-05-10 14:01:38.

DiePARTEI, lawful male dwarven Archeologist

                                                       -------------
                                                       |..<........|
                                                       |..)......).|
                                                       ............|
                                                       ---------.---
                                                                ##
                                                                 #
                                                                 f@
                                                                  q

DiePARTEI the Field Worker  St:12 Dx:11 Co:13 In:16 Wi:14 Ch:12  Lawful
Dlvl:8  $:105 HP:0(26) Pw:7(7) AC:6  Xp:3 T:2780  Burdened

Latest messages:
 The giant bat bites!
 You kill the giant bat!
 Your kitten eats a giant bat corpse.
 You swap places with the peaceful pony.
 The gecko bites!
 You kill the gecko!
 What do you want to drink? [ctMQ or ?*] Q
 You feel better.
 You fall down the stairs.
 You hear someone reading a scroll of create monster.
 You hear someone reading a scroll of teleportation.
 You see here a curved sword.
 You have a little trouble lifting m - a curved sword.
 You stop.  Your kitten is in the way!
 You swap places with your kitten.
 You are beginning to feel hungry.
 The kitten drops a rock.
 What do you want to eat? [dijp or ?*] ?
 This food really hits the spot!
 The kitten drops a rock.
 You stop eating the food ration.
 The goblin throws an orcish dagger!
 An orcish dagger misses you.
 The kitten picks up an orcish dagger.
 You miss the goblin.
 The goblin misses!
 You kill the goblin!
 You fall down the stairs.
 The kitten drops an orcish dagger.
 You see here a club.
 The rothe hits!
 The rothe bites!
 The rothe bites again!
 You lash the rothe.
 The kitten misses the rothe.
 The rothe hits!
 The rothe bites!
 The rothe just misses!
 You lash the rothe.
 The kitten misses the rothe.
 The rothe hits!
 The rothe misses!
 The rothe bites!
 The kitten misses the rothe.
 The rothe hits!
 The rothe bites!
 The rothe bites again!
 You die...
 Do you want your possessions identified? [ynq] (y) y
 Do you want to see your attributes? [ynq] (y) q

Inventory:
 Coins    ('$')
  $ - 105 gold pieces
 Weapons  (')')
  O - 7 +0 orcish arrows (in quiver)
  P - 6 +0 shuriken
  a - a +2 bullwhip (weapon in right hand)
  m - a +0 scimitar
 Armor    ('[')
  o - an uncursed +0 orcish helm (being worn)
  B - an uncursed +0 pair of iron shoes (being worn)
  x - an uncursed +0 dwarvish cloak (being worn)
  b - an uncursed +0 leather jacket (being worn)
 Comestibles  ('%')
  p - an uncursed carrot
  d - 3 uncursed food rations
  n - an uncursed partly eaten food ration
  j - an uncursed fortune cookie
  i - an uncursed pancake
 Scrolls  ('?')
  X - an uncursed scroll of confuse monster
  T - a blessed scroll of create monster
  U - a cursed scroll of earth
  Y - an uncursed scroll of enchant armor
  Z - an uncursed scroll of identify
  L - an uncursed scroll of light
  W - a blessed scroll of remove curse
  k - an uncursed scroll of teleportation
 Spellbooks  ('+')
  R - an uncursed spellbook of light
 Potions  ('!')
  M - an uncursed potion of gain energy
  c - 2 uncursed potions of healing
  t - an uncursed potion of water
 Wands    ('/')
  J - a wand of light (0:14)
 Tools    ('(')
  s - an uncursed sack containing 1 item
  N - a can of grease (0:22)
  l - a magic marker (0:37)
  D - an uncursed mirror
  e - a +0 pick-axe (alternate weapon; not wielded)
  C - an uncursed skeleton key
  K - an uncursed tin whistle
  f - a tinning kit (0:91)
 Gems/Stones  ('*')
  g - an uncursed touchstone

Contents of the sack:
  1295 gold pieces

DiePARTEI the Archeologist's attributes:

Background:
 You were a Field Worker, a level 3 male dwarven Archeologist.
 You were lawful, on a mission for Quetzalcoatl
 who was opposed by Camaxtli (neutral) and Huhetotl (chaotic).
 You were right-handed.
 You were in the Dungeons of Doom, on level 8.
 You entered the dungeon 2780 turns ago.
 You had 77 experience points, 3 more were needed to attain level 4.

Basics:
 You had 0 out of 26 hit points.
 You had all 7 energy points (spell power).
 Your armor class was 6.
 Your wallet contained 105 zorkmids, and
 you had 1295 more stashed away in your pack.
 Autopickup was off.

Final Characteristics:
 Your strength was 12 (limit:18/100).
 Your dexterity was 11 (limit:20).
 Your constitution was 13 (limit:20).
 Your intelligence was 16 (limit:16).
 Your wisdom was 14 (limit:16).
 Your charisma was 12 (limit:16).

Final Status:
 You weren't hungry.
 You were burdened; movement was slightly slowed.
 You were wielding a whip.
 You had basic skill with whip.

Final Attributes:
 You were piously aligned.
 Your items were somewhat protected from fire.
 Your items were somewhat protected from cold.
 You were telepathic.
 You had automatic searching.
 You had infravision.
 You were warded.
 You are dead.

Miscellaneous:
 You encountered 3 bones levels.
 Total elapsed playing time was 21 minutes and 28 seconds.

Major events:
 Turn
    1: DiePARTEI the lawful male dwarven Archeologist entered the dungeon
  582: entered the Gnomish Mines
 2064: attained the rank of Field Worker (level 3)
 2780: killed by a rothe

Spells:
 Name                 Level Category     Fail Retention
 light                  1   divination    47%  76%-100%

Skills:
 Fighting Skills
   bare handed combat [Unskilled]
   two weapon combat  [Unskilled]
   riding             [Unskilled]
 Weapon Skills
   dagger             [Unskilled]
   knife              [Unskilled]
   pick-axe           [Basic]
   short sword        [Unskilled]
   saber              [Unskilled]
   club               [Unskilled]
   quarterstaff       [Unskilled]
   sling              [Unskilled]
   dart               [Unskilled]
   boomerang          [Unskilled]
   whip               [Basic]
   unicorn horn       [Unskilled]
 Spellcasting Skills
   attack spells      [Unskilled]
   healing spells     [Unskilled]
   divination spells  [Unskilled]
   matter spells      [Unskilled]

Voluntary challenges:
 Character rerolling was not enabled.
 You never genocided any monsters.
 You never polymorphed an object.
 You never changed form.
 You used no wishes.
Achievements:
 You entered a shop.
 You entered the Gnomish Mines.
 You attained the rank of Field Worker.

 The Dungeons of Doom: levels 1 to 8
    Level 1:
    Level 2:
       A general store, a fountain, a sink.
       Stairs down to The Gnomish Mines.
    Level 3:
       Many fountains.
    Level 4:
    Level 5:
       A fountain, a sink.
    Level 6:
    Level 7:
       A fountain.
       Final resting place for
          ironrat-Wiz-Hum-Mal-Neu, killed by a yeti.
    Level 8: <- You were here.
       Final resting place for
          you, killed by a rothe.
 The Gnomish Mines: levels 3 to 5
    Level 3:
       Final resting place for
          Wizzard5-Wiz-Elf-Fem-Cha, killed by a gnome.
    Level 4:
    Level 5:
       Final resting place for
          mwm11235-Wiz-Hum-Mal-Neu, killed by a fire ant, while fainted from lack of food.


Vanquished creatures:
  2 floating eyes
  a kitten
  a rothe
  a giant bat
 an orc zombie
  a coyote
  2 giant rats
  2 cave spiders
  a gnome zombie
  3 geckos
  7 jackals
  a fox
  2 goblins
  2 grid bugs
  a lichen
  4 newts
32 creatures vanquished.

No species were genocided or became extinct.

Game over:
                       ----------
                      /          \
                     /    REST    \
                    /      IN      \
                   /     PEACE      \
                  /                  \
                  |    DiePARTEI     |
                  |     1400 Au      |
                  |   killed by a    |
                  |      rothe       |
                  |                  |
                  |                  |
                  |       2026       |
                 *|     *  *  *      | *
        _________)/\\_//(\/(/\)/\//\/|_)_______

Goodbye DiePARTEI the Archeologist...

You died in The Dungeons of Doom on dungeon level 8 with 1938 points,
and 1400 pieces of gold, after 2780 moves.
You were level 3 with a maximum of 26 hit points when you died.

